 Dungeon Crawl Stone Soup version 0.22.1-1-ga44c0e5 (webtiles) character file.

412 MalarOregon the Shield-Bearer (level 6, 0/51 HPs)
             Began as a Minotaur Fighter on Sept 23, 2018.
             Slain by a killer bee (6 damage)
             ... on level 3 of the Dungeon.
             The game lasted 00:04:07 (2100 turns).

MalarOregon the Shield-Bearer (Minotaur Fighter)    Turns: 2100, Time: 00:04:08

Health: 0/51       AC: 15    Str: 23    XL:     6   Next: 59%
Magic:  5/5        EV:  2    Int:  5    God:
Gold:   218        SH:  0    Dex:  9    Spells: 5/5 levels left

rFire    + . .     SeeInvis .   g - +0 whip (pain)
rCold    + . .     Gourm    .   c - +0 shield
rNeg     . . .     Faith    .   n - +2 gold dragon scales
rPois    +         Spirit   .   (helmet restricted)
rElec    .         Reflect  .   (no cloak)
rCorr    .         Harm     .   (no gloves)
MR       .....                  (no boots)
Stlth    ..........             (no amulet)
HPRegen  0.17/turn              (no ring)
MPRegen  0.09/turn              (no ring)

@: confused, very slightly contaminated, hasted, invisible, very quick
A: retaliatory headbutt, horns 2
a: no special abilities


You were on level 3 of the Dungeon.
You were not hungry.

You visited 1 branch of the dungeon, and saw 4 of its levels.

You collected 218 gold pieces.

Inventory:

Hand Weapons
 g - a +0 whip of pain (weapon)
   (You took it off a kobold on level 2 of the Dungeon)
Armour
 c - a +0 shield (worn)
 n - +2 gold dragon scales (worn)
   (You found it on level 2 of the Dungeon)
Scrolls
 h - 3 scrolls of remove curse {@r2}
 l - a scroll of random uselessness
Potions
 b - a potion of ambrosia
 k - 2 potions of berserk rage {unknown}
 m - 2 potions of heal wounds {unknown}
 q - a potion of magic {unknown}
 r - a potion of lignification {unknown}
 s - a potion of invisibility
Comestibles
 a - 6 chunks of flesh
 e - 5 rations {!d}


   Skills:
 - Level 3.6 Fighting
 + Level 6.2 Maces & Flails
 - Level 3.6 Armour
 + Level 6.9 Shields


You had 5 spell levels left.
You didn't know any spells.
Your spell library was empty.

Dungeon Overview and Level Annotations

Branches:
Dungeon (4/15)
 Temple: D:4-7

Altars:
Ashenzari
Elyvilon
Gozag
Zin


Innate Abilities, Weirdness & Mutations

You reflexively headbutt those who attack you in melee.
You have a pair of horns on your head.


Message History

* * * LOW HITPOINT WARNING * * *
You feel yourself speed up.
The killer bee stings you but does no damage. x3
You block the killer bee's attack. x2; The killer bee stings you.
* * * LOW HITPOINT WARNING * * *
The killer bee stings you but does no damage. x2
You closely miss the killer bee. You block the killer bee's attack. x2
The killer bee stings you but does no damage.
The killer bee stings you.
* * * LOW HITPOINT WARNING * * *
You closely miss the killer bee. Your headbutt misses the killer bee.
You block the killer bee's attack.
You closely miss the killer bee. You block the killer bee's attack. x3
The killer bee barely misses you. The killer bee stings you.
* * * LOW HITPOINT WARNING * * *
The killer bee stings you but does no damage. x2
You fade into invisibility!
The killer bee stings you.
* * * LOW HITPOINT WARNING * * *
The killer bee stings you but does no damage. x2
You block the killer bee's attack.
You are very lightly contaminated with residual magic.
Your gold dragon scales prevents you from hitting the killer bee.
Your headbutt misses the killer bee.
The killer bee stings you but does no damage. x2
The killer bee stings you.
* * * LOW HITPOINT WARNING * * *
The killer bee stings you but does no damage.
You see here a killer bee corpse.
You block the killer bee's attack. You block the killer bee's attack.
Your gold dragon scales prevents you from hitting the killer bee.
You block the killer bee's attack.
Your gold dragon scales prevents you from hitting the killer bee.
The killer bee stings you but does no damage.
Your gold dragon scales prevents you from hitting the killer bee.
Your headbutt misses the killer bee. The killer bee barely misses you.
You miss the killer bee. You closely miss the killer bee.
The killer bee barely misses you.
You closely miss the killer bee.
The killer bee stings you but does no damage.
Your gold dragon scales prevents you from hitting the killer bee.
Your headbutt misses the killer bee.
The killer bee stings you but does no damage.
You catch the helpless killer bee completely off-guard!
You hit the killer bee.
It was a potion of ambrosia.
You are confused.
You feel invigorated. The killer bee stings you.
You die...

......##.#.........# ##...##.))..
.....############.## #.......)...
....##.8.##.#####..###..#.#......
....#.....#...)÷........#.#......
....#8....'..#####..#..#.........
....#∩.8_.'..# ##.#....<.......
....#8....'.#### ##.####.#.#.....
....#.....#....###y........#.....
....##∩8∩##.##..@yy..........####
.....#############y.........##
#...## #..†...##### #####
#...>..# ######.# ###


You could see 4 killer bees.

Vanquished Creatures
  The ghost of CrazyArbalest the Bolt Thrower, an amateur BaHu (D:3)
  2 killer bees (D:3)
  A howler monkey (D:3)
  4 gnolls (D:3)
  4 adders
  An ooze (D:3)
  4 worms
  4 leopard geckos
  An orc (D:3)
  4 bats
  2 giant cockroaches
  9 goblins
  11 hobgoblins
  2 quokkas (D:3)
  2 ball pythons
  2 frilled lizards (D:1)
  5 kobolds
  9 rats
68 creatures vanquished.

Notes
Turn   | Place    | Note
-------+----------+-------------------------------------------
     0 | D:1      | MalarOregon the Minotaur Fighter began the quest for the
                  | Orb.
     0 | D:1      | Reached XP level 1. HP: 19/19 MP: 0/0
   184 | D:1      | Reached XP level 2. HP: 26/26 MP: 1/1
   621 | D:2      | Found a shattered altar of Ashenzari.
   649 | D:2      | Found an opulent altar of Gozag.
   683 | D:2      | Reached XP level 3. HP: 31/31 MP: 2/2
  1056 | D:2      | Found a faded altar of an unknown god.
  1090 | D:2      | Found a white marble altar of Elyvilon.
  1238 | D:3      | Reached XP level 4. HP: 32/39 MP: 3/3
  1244 | D:3      | Reached skill level 5 in Shields
  1365 | D:3      | Found a runed gate.
  1374 | D:3      | Found a runed gate.
  1376 | D:3      | Found a runed gate.
  1379 | D:3      | Noticed CrazyArbalest's ghost (amateur BaHu)
  1380 | D:3      | Found an opulent altar of Gozag.
  1510 | D:3      | Reached XP level 5. HP: 15/45 MP: 4/4
  1800 | D:3      | Found a glowing silver altar of Zin.
  2003 | D:3      | Killed CrazyArbalest's ghost
  2003 | D:3      | Reached skill level 5 in Maces & Flails
  2003 | D:3      | Reached XP level 6. HP: 38/51 MP: 5/5
  2086 | D:3      | HP: 2/51 [killer bee (3)]
  2100 | D:3      | Slain by a killer bee

Skill      XL: |  1  2  3  4  5  6 |
---------------+-------------------+-----
Shields        | 4 5 6 |  6.9
Maces & Flails | 3 4 5 6 |  6.2
Fighting       | |  3.6
Armour         | |  3.6

Action                   |  1- 3 |  4- 6 || total
-------------------------+-------+-------++-------
Melee: Flail             |    52 |       ||    52
       Headbutt          |    10 |    20 ||    30
       Whip              |    58 |   126 ||   184
  Use: Scroll            |     3 |     7 ||    10
       Potion            |       |     4 ||     4
 Stab: Invisible         |       |     1 ||     1
  Eat: Chunk             |     1 |     3 ||     4
Armor: Scale mail        |    19 |       ||    19
       Gold dragon scale |    46 |   125 ||   171
Dodge: Dodged            |    15 |    10 ||    25
Block: Shield            |    61 |    74 ||   135
